| TOP OF THE 1ST |
|
Lakeland Pilots batting - Pitching for Daytona Beach Islanders : LHP Richard Herendeen
|
|
Pitching: LHP Richard Herendeen
|
|
|
Batting: RHB Nick Capra
|
0-0: Ball 1-0: Ball 2-0: Ball 3-0: Base on Balls
|
|
Batting: RHB Dave C Anderson
|
0-0: Ball 1-0: Foul Ball, location: 2F 1-1: Called Strike 1-2: Fly out, F8 (Line Drive, 8RD, EV 87.5 MPH)
|
|
Batting: SHB Mike D Young
|
0-0: Ball 1-0: Foul Ball, location: 2F 1-1: Ball 2-1: Ball 3-1: SINGLE (Line Drive, 56, EV 96.9 MPH) Nick Capra to second
|
|
Batting: LHB Mike Laga
|
0-0: Ball Nick Capra is caught stealing 3rd base 2-5 Mike D Young to second 1-0: Called Strike 1-1: Swinging Strike 1-2: DOUBLE (Line Drive, 7D, EV 107.5 MPH) Mike D Young scores
|
|
Batting: RHB Rusty Tillman
|
0-0: Ball 1-0: Called Strike 1-1: TRIPLE (Flyball, 89XD, EV 106.9 MPH) Mike Laga scores
|
|
Batting: LHB Larry Ray
|
0-0: Called Strike 0-1: Called Strike 0-2: Ball 1-2: Strikes out swinging
|
| Top of the 1st over - 2 runs, 3 hits, 0 errors, 1 left on base; Lakeland 2 - Daytona Beach 0 |
| BOTTOM OF THE 1ST |
|
Daytona Beach Islanders batting - Pitching for Lakeland Pilots : LHP Danny Jackson
|
|
Pitching: LHP Danny Jackson
|
|
|
Batting: SHB Michael Frierson
|
0-0: Ball 1-0: Ball 2-0: Called Strike 2-1: Swinging Strike 2-2: Foul Ball, location: 2F 2-2: Ball 3-2: Ground out 6-3 (Groundball, 6, EV 85.6 MPH)
|
|
Batting: RHB Douglas Wabeke
|
0-0: DOUBLE (Line Drive, 8LXD, EV 105.6 MPH)
|
|
Batting: LHB Benny Distefano
|
0-0: Foul Ball, location: 2F 0-1: Foul Ball, location: 2F 0-2: 2-RUN HOME RUN (Flyball, 9LD, EV 100.0 MPH), Distance : 361 ft
|
|
Batting: RHB Columbus Duncan
|
0-0: Ball 1-0: Swinging Strike 1-1: Ball 2-1: SOLO HOME RUN (Flyball, 7D, EV 98.1 MPH), Distance : 354 ft
|
|
Batting: RHB Jeff Rutledge
|
0-0: Ball 1-0: Called Strike 1-1: Ground out 6-3 (Groundball, 6, EV 110.0 MPH)
|
|
Batting: RHB Antonio Alicea
|
0-0: Ball 1-0: Foul Ball, location: 2F 1-1: Ground out 5-3 (Groundball, 56S, EV 88.1 MPH)
|
| Bottom of the 1st over - 3 runs, 3 hits, 0 errors, 0 left on base; Lakeland 2 - Daytona Beach 3 |
| TOP OF THE 2ND |
|
Lakeland Pilots batting - Pitching for Daytona Beach Islanders : LHP Richard Herendeen
|
|
Batting: RHB Vernon Armstead
|
0-0: Foul Ball, location: 2F 0-1: Ball 1-1: Foul Ball, location: 2F 1-2: Strikes out swinging
|
|
Batting: SHB Alphonso Eiland
|
0-0: Ball 1-0: Foul Ball, location: 2F 1-1: Called Strike 1-2: Ball 2-2: Ball 3-2: Foul Ball, location: 2F 3-2: Base on Balls
|
|
Batting: RHB Dennis Delany
|
0-0: Ball 1-0: Ball 2-0: Grounds into double play, 5-4-3 (Groundball, 56, EV 89.4 MPH)
|
| Top of the 2nd over - 0 runs, 0 hits, 0 errors, 0 left on base; Lakeland 2 - Daytona Beach 3 |
| BOTTOM OF THE 2ND |
|
Daytona Beach Islanders batting - Pitching for Lakeland Pilots : LHP Danny Jackson
|
|
Batting: RHB Kalvin Adams
|
0-0: Fly out, F7 (Flyball, 78S, EV 83.1 MPH)
|
|
Batting: RHB Ronald Lindberg
|
0-0: Called Strike 0-1: Swinging Strike 0-2: Ball 1-2: Strikes out swinging
|
|
Batting: RHB Dale Jones
|
0-0: Called Strike 0-1: Ball 1-1: Foul Ball, location: 2F 1-2: Foul Ball, location: 2F 1-2: Ground out 6-3 (Groundball, 6, EV 88.1 MPH)
|
| Bottom of the 2nd over - 0 runs, 0 hits, 0 errors, 0 left on base; Lakeland 2 - Daytona Beach 3 |
| TOP OF THE 3RD |
|
Lakeland Pilots batting - Pitching for Daytona Beach Islanders : LHP Richard Herendeen
|
|
Batting: RHB Nick Capra
|
0-0: Ball 1-0: Ball 2-0: Ball 3-0: Called Strike 3-1: Ground out 4-3 (Groundball, 4M, EV 81.9 MPH)
|
|
Batting: RHB Dave C Anderson
|
0-0: Called Strike 0-1: Ball 1-1: Ball 2-1: Foul Ball, location: 2F 2-2: SINGLE (Groundball, 6S, EV 77.5 MPH) (infield hit)
|
|
Batting: SHB Mike D Young
|
0-0: Ball 1-0: Called Strike 1-1: Foul Ball, location: 2F 1-2: Foul Ball, location: 2F 1-2: Strikes out looking
|
|
Batting: LHB Mike Laga
|
0-0: Called Strike Dave C Anderson is caught stealing 2nd base 2-6
|
| Top of the 3rd over - 0 runs, 1 hit, 0 errors, 0 left on base; Lakeland 2 - Daytona Beach 3 |
| BOTTOM OF THE 3RD |
|
Daytona Beach Islanders batting - Pitching for Lakeland Pilots : LHP Danny Jackson
|
|
Batting: SHB Michael Frierson
|
0-0: Ball 1-0: Ball 2-0: Foul Ball, location: 2F 2-1: Foul Ball, location: 2F 2-2: Ball 3-2: Base on Balls
|
|
Batting: RHB Douglas Wabeke
|
0-0: Ball 1-0: Ball 2-0: Ball 3-0: Swinging Strike 3-1: Foul Ball, location: 2F 3-2: Base on Balls Michael Frierson to second
|
|
Batting: LHB Benny Distefano
|
0-0: Fly out, F5 (Line Drive, 5, EV 71.3 MPH)
|
|
Batting: RHB Columbus Duncan
|
0-0: Ball 1-0: Grounds into double play, 6-4-3 (Groundball, 6, EV 101.9 MPH)
|
| Bottom of the 3rd over - 0 runs, 0 hits, 0 errors, 1 left on base; Lakeland 2 - Daytona Beach 3 |
| TOP OF THE 4TH |
|
Lakeland Pilots batting - Pitching for Daytona Beach Islanders : LHP Richard Herendeen
|
|
Batting: LHB Mike Laga
|
0-0: Swinging Strike 0-1: Swinging Strike 0-2: Strikes out looking
|
|
Batting: RHB Rusty Tillman
|
0-0: SINGLE (Groundball, 4D, EV 96.3 MPH)
|
|
Batting: LHB Larry Ray
|
0-0: SINGLE (Line Drive, 78S, EV 95.6 MPH) Rusty Tillman to second
|
|
Batting: RHB Vernon Armstead
|
0-0: Ball 1-0: Ball 2-0: Fly out, F8 (Flyball, 8LD, EV 100.0 MPH)
|
|
Batting: SHB Alphonso Eiland
|
0-0: Called Strike 0-1: Called Strike 0-2: Ball 1-2: Strikes out swinging
|
| Top of the 4th over - 0 runs, 2 hits, 0 errors, 2 left on base; Lakeland 2 - Daytona Beach 3 |
| BOTTOM OF THE 4TH |
|
Daytona Beach Islanders batting - Pitching for Lakeland Pilots : LHP Danny Jackson
|
|
Batting: RHB Jeff Rutledge
|
0-0: Foul Ball, location: 2F 0-1: Swinging Strike 0-2: Fly out, F8 (Flyball, 8RD, EV 86.3 MPH)
|
|
Batting: RHB Antonio Alicea
|
0-0: Called Strike 0-1: Ball 1-1: Foul Ball, location: 2F 1-2: Ball 2-2: Strikes out swinging
|
|
Batting: RHB Kalvin Adams
|
0-0: SINGLE (Groundball, 56D, EV 108.1 MPH)
|
|
Batting: RHB Ronald Lindberg
|
0-0: Ground out U3 (Groundball, 3S, EV 85.6 MPH)
|
| Bottom of the 4th over - 0 runs, 1 hit, 0 errors, 1 left on base; Lakeland 2 - Daytona Beach 3 |
| TOP OF THE 5TH |
|
Lakeland Pilots batting - Pitching for Daytona Beach Islanders : LHP Richard Herendeen
|
|
Batting: RHB Dennis Delany
|
0-0: Called Strike 0-1: Ball 1-1: Called Strike 1-2: Ground out 1-3 (Groundball, 13S, EV 69.4 MPH)
|
|
Batting: RHB Nick Capra
|
0-0: Fly out, F8 (Flyball, 78M, EV 92.5 MPH)
|
|
Batting: RHB Dave C Anderson
|
0-0: Fly out, F7 (Flyball, 7, EV 86.9 MPH)
|
| Top of the 5th over - 0 runs, 0 hits, 0 errors, 0 left on base; Lakeland 2 - Daytona Beach 3 |
| BOTTOM OF THE 5TH |
|
Daytona Beach Islanders batting - Pitching for Lakeland Pilots : LHP Danny Jackson
|
|
Batting: RHB Dale Jones
|
0-0: Called Strike 0-1: Foul Ball, location: 2F 0-2: Ball 1-2: Foul Ball, location: 2F 1-2: Foul Ball, location: 2F 1-2: Ground out 6-3 (Groundball, 6MS, EV 63.1 MPH)
|
|
Batting: SHB Michael Frierson
|
0-0: Called Strike 0-1: Ground out 5-3 (Groundball, 56S, EV 68.8 MPH)
|
|
Batting: RHB Douglas Wabeke
|
0-0: SINGLE (Flyball, 89S, EV 92.5 MPH)
|
|
Batting: LHB Benny Distefano
|
0-0: Ball 1-0: Called Strike 1-1: Foul Ball, location: 2F 1-2: Ball 2-2: Foul Ball, location: 2F 2-2: Ball 3-2: Foul Ball, location: 2F 3-2: Ground out 6-3 (Groundball, 6, EV 90.6 MPH)
|
| Bottom of the 5th over - 0 runs, 1 hit, 0 errors, 1 left on base; Lakeland 2 - Daytona Beach 3 |
| TOP OF THE 6TH |
|
Lakeland Pilots batting - Pitching for Daytona Beach Islanders : LHP Richard Herendeen
|
|
Batting: SHB Mike D Young
|
0-0: Ball 1-0: Ball 2-0: Called Strike 2-1: Foul Ball, location: 2F 2-2: Ball 3-2: SINGLE (Groundball, 56D, EV 111.9 MPH)
|
|
Batting: LHB Mike Laga
|
0-0: Ball 1-0: Swinging Strike 1-1: Swinging Strike 1-2: Ball 2-2: Hit by Pitch Mike D Young to second
|
|
Batting: RHB Rusty Tillman
|
0-0: Ball 1-0: Called Strike 1-1: Grounds into DOUBLE play, U5-4-3 (Groundball, 5L, EV 80.0 MPH)
|
|
Batting: LHB Larry Ray
|
0-0: Called Strike 0-1: Ball 1-1: Fly out, F9 (Flyball, 9D, EV 91.3 MPH)
|
| Top of the 6th over - 0 runs, 1 hit, 0 errors, 1 left on base; Lakeland 2 - Daytona Beach 3 |
| BOTTOM OF THE 6TH |
|
Daytona Beach Islanders batting - Pitching for Lakeland Pilots : LHP Danny Jackson
|
|
Batting: RHB Columbus Duncan
|
0-0: SINGLE (Groundball, 34D, EV 101.9 MPH)
|
|
Batting: RHB Jeff Rutledge
|
0-0: Called Strike 0-1: Swinging Strike 0-2: Fly out, F7 (Flyball, 78M, EV 77.5 MPH)
|
|
Batting: RHB Antonio Alicea
|
0-0: Ball 1-0: Ground out U3 (Groundball, 34S, EV 86.3 MPH) Columbus Duncan to second
|
|
Batting: RHB Kalvin Adams
|
0-0: Ball 1-0: Ball 2-0: SINGLE (Groundball, 56D, EV 83.1 MPH) (infield hit) Columbus Duncan to third
|
|
Batting: RHB Ronald Lindberg
|
0-0: Swinging Strike 0-1: Ball 1-1: Called Strike 1-2: Ball 2-2: Ball 3-2: Foul Ball, location: 2F 3-2: Strikes out looking
|
| Bottom of the 6th over - 0 runs, 2 hits, 0 errors, 2 left on base; Lakeland 2 - Daytona Beach 3 |
| TOP OF THE 7TH |
|
Lakeland Pilots batting - Pitching for Daytona Beach Islanders : LHP Richard Herendeen
|
|
Batting: RHB Vernon Armstead
|
0-0: Ball 1-0: Ball 2-0: Foul Ball, location: 2F 2-1: SINGLE (Line Drive, 89S, EV 108.8 MPH)
|
|
Pinch Hitting: RHB Victor Saenz
|
0-0: Bunt missed! 0-1: Bunt missed! 0-2: Ball 1-2: Fielders Choice at 2nd, 3-6 (Groundball, 34S, EV 90.6 MPH)
|
|
Batting: RHB Dennis Delany
|
0-0: Called Strike 0-1: SINGLE (Groundball, 6D, EV 104.4 MPH) Victor Saenz to second
|
|
Batting: RHB Nick Capra
|
0-0: Foul Ball, location: 2F 0-1: Ball 1-1: Ball 2-1: Ball 3-1: Grounds into double play, 6-4-3 (Groundball, 6MD, EV 102.5 MPH)
|
| Top of the 7th over - 0 runs, 2 hits, 0 errors, 1 left on base; Lakeland 2 - Daytona Beach 3 |
| BOTTOM OF THE 7TH |
|
Daytona Beach Islanders batting - Pitching for Lakeland Pilots : LHP Danny Jackson
|
|
Now at SS: Alex Sanchez
|
|
|
Batting: RHB Dale Jones
|
0-0: Ball 1-0: Swinging Strike 1-1: Swinging Strike 1-2: Foul Ball, location: 2F 1-2: Foul Ball, location: 2F 1-2: Ball 2-2: Ground out 3-1 (Groundball, 13, EV 91.9 MPH)
|
|
Batting: SHB Michael Frierson
|
0-0: Ground out 6-3 (Groundball, 56, EV 76.9 MPH)
|
|
Batting: RHB Douglas Wabeke
|
0-0: Called Strike 0-1: Reached on error, E3 (Groundball, 34, EV 83.1 MPH)
|
|
Batting: LHB Benny Distefano
|
0-0: Called Strike 0-1: Swinging Strike 0-2: Foul Ball, location: 2F 0-2: Ball 1-2: Foul Ball, location: 2F 1-2: Ball 2-2: Strikes out swinging
|
| Bottom of the 7th over - 0 runs, 0 hits, 1 error, 1 left on base; Lakeland 2 - Daytona Beach 3 |
| TOP OF THE 8TH |
|
Lakeland Pilots batting - Pitching for Daytona Beach Islanders : LHP Richard Herendeen
|
|
Now at 2B: Robert Whitfield
|
|
|
Batting: RHB Dave C Anderson
|
0-0: Called Strike 0-1: Swinging Strike 0-2: SINGLE (Groundball, P, EV 88.8 MPH) (infield hit)
|
|
Batting: SHB Mike D Young
|
0-0: Ball 1-0: Fly out, F8 (Flyball, 8RM, EV 96.9 MPH)
|
|
Batting: LHB Mike Laga
|
0-0: Ball 1-0: Grounds into double play, 4-6-3 (Groundball, 34, EV 87.5 MPH)
|
| Top of the 8th over - 0 runs, 1 hit, 0 errors, 0 left on base; Lakeland 2 - Daytona Beach 3 |
| BOTTOM OF THE 8TH |
|
Daytona Beach Islanders batting - Pitching for Lakeland Pilots : LHP Danny Jackson
|
|
Batting: RHB Columbus Duncan
|
0-0: Ball 1-0: Fly out, F4 (Popup, 34, EV 70.0 MPH)
|
|
Batting: RHB Jeff Rutledge
|
0-0: Swinging Strike 0-1: Ball 1-1: Called Strike 1-2: Ball 2-2: Fly out, F6 (Line Drive, 6, EV 59.4 MPH)
|
|
Batting: RHB Antonio Alicea
|
0-0: Called Strike 0-1: Ball 1-1: DOUBLE (Line Drive, 7LS, EV 88.1 MPH)
|
|
Batting: RHB Kalvin Adams
|
0-0: Ball 1-0: Called Strike 1-1: Foul Ball, location: 2F 1-2: Ball 2-2: Ball 3-2: SINGLE (Line Drive, 7S, EV 90.0 MPH) Antonio Alicea to third Antonio Alicea scores
|
|
Batting: RHB Robert Whitfield
|
0-0: Ground out U3 (Groundball, 34S, EV 78.8 MPH)
|
| Bottom of the 8th over - 1 run, 2 hits, 0 errors, 1 left on base; Lakeland 2 - Daytona Beach 4 |
| TOP OF THE 9TH |
|
Lakeland Pilots batting - Pitching for Daytona Beach Islanders : LHP Richard Herendeen
|
|
Pitching: LHP Richard Ford
|
|
|
Batting: RHB Rusty Tillman
|
0-0: Called Strike 0-1: Ball 1-1: SOLO HOME RUN (Flyball, 7LD, EV 91.9 MPH), Distance : 354 ft
|
|
Batting: LHB Larry Ray
|
0-0: Foul Ball, location: 2F 0-1: Ball 1-1: Ball 2-1: Fly out, F8 (Flyball, 8LD, EV 87.5 MPH)
|
|
Batting: RHB Vernon Armstead
|
0-0: Ball 1-0: Fly out, F9 (Flyball, 9, EV 80.6 MPH)
|
|
Pinch Hitting: RHB Joseph Scherger
|
0-0: Called Strike 0-1: Ball 1-1: Called Strike 1-2: Ball 2-2: Foul Ball, location: 2F 2-2: Ball 3-2: Base on Balls
|
|
Batting: RHB Dennis Delany
|
0-0: Called Strike 0-1: Ball 1-1: Swinging Strike 1-2: Ball 2-2: Strikes out looking
|
| Top of the 9th over - 1 run, 1 hit, 0 errors, 1 left on base; Lakeland 3 - Daytona Beach 4 |
|